General information
			 
			
        
        - name: BNet
- type: Ladder team game (AT/RT)
- host: Battle.net
- saver: dogsandhorse.ru
 map: GoldRush
- players: 8
- length: 52:19
- speed: Fast
- version: 1.22 W3XP
- replay type:   
 » download(396 KB)
Players
        team 1 (winner) 
              
               dogsandhorse.ru
dogsandhorse.ru (
teal | 141 APM | 7360 actions | 52:19)
              
 6 Archmage
 6 Archmage  3
 3 Blizzard
 2
 2 Brilliance Aura
 1
 1 Mass Teleport
 5 Mountain King
 5 Mountain King  3
 3 Storm Bolt
 1
 1 Thunder Clap
 1
 1 Bash
 6 Paladin
 6 Paladin  3
 3 Holy Light
 3
 3 Divine Shield
                | Assign group hotkey | 21 |  | 
| Basic commands | 7 |  | 
| Build / train | 189 |  | 
| Enter build submenu | 113 |  | 
| Enter hero's abilities submenu | 19 |  | 
| Give item / drop item | 2 |  | 
| Remove unit from queue | 6 |  | 
| Right click | 2891 |  | 
| Select / deselect | 773 |  | 
| Select group hotkey | 2957 |  | 
| Use ability | 382 |  | 
                7360 total
 » units 
                
                | Peasant | 16 |  | 
| Dragonhawk Rider | 6 |  | 
| Gryphon Rider | 7 |  | 
                29 total
 » upgrades
                
                | Masonry | 3 |  | 
| Lumber Harvesting | 2 |  | 
| Magic Sentry | 1 |  | 
| Swords | 3 |  | 
| Animal War Training | 1 |  | 
| Cloud | 1 |  | 
| Armor | 3 |  | 
| Storm Hammers | 1 |  | 
                15 total
 » buildings
                
                | Altar of Kings | 1 |  | 
| Farm | 15 |  | 
| Lumber Mill | 4 |  | 
| Scout Tower | 164 |  | 
| Arcane Tower | 12 |  | 
| Guard Tower | 74 |  | 
| Town Hall | 1 |  | 
| Keep | 1 |  | 
| Arcane Sanctum | 1 |  | 
| Gryphon Aviary | 3 |  | 
| Arcane Vault | 2 |  | 
| Blacksmith | 1 |  | 
| Castle | 1 |  | 
| Barracks | 1 |  | 
                281 total
 » build order
                00:11 Altar of Kings
00:24 Farm
00:56 Lumber Mill
01:01 Scout Tower
01:10 Scout Tower
01:22 Scout Tower
01:26 Scout Tower
01:48 Arcane Tower
01:50 Arcane Tower
01:50 Arcane Tower
01:51 Arcane Tower
02:01 Farm
02:20 Scout Tower
02:24 Guard Tower
02:25 Guard Tower
02:29 Guard Tower
02:29 Guard Tower
02:29 Guard Tower
02:30 Guard Tower
02:35 Scout Tower
02:45 Scout Tower
03:18 Guard Tower
03:32 Scout Tower
03:33 Scout Tower
03:38 Scout Tower
03:45 Scout Tower
03:57 Guard Tower
04:16 Guard Tower
04:25 Guard Tower
05:02 Scout Tower
05:13 Town Hall
05:17 Scout Tower
05:19 Scout Tower
05:33 Guard Tower
05:36 Scout Tower
05:55 Arcane Tower
06:04 Guard Tower
06:07 Scout Tower
06:11 Scout Tower
06:31 Scout Tower
06:32 Guard Tower
06:54 Guard Tower
06:56 Scout Tower
07:24 Guard Tower
07:31 Keep
07:33 Scout Tower
07:53 Guard Tower
07:55 Scout Tower
07:56 Scout Tower
08:04 Guard Tower
08:08 Scout Tower
08:32 Arcane Tower
08:35 Guard Tower
08:36 Scout Tower
08:42 Guard Tower
08:56 Guard Tower
09:13 Guard Tower
09:13 Guard Tower
09:13 Guard Tower
09:44 Scout Tower
09:46 Scout Tower
09:47 Scout Tower
09:48 Scout Tower
09:49 Scout Tower
09:50 Scout Tower
10:27 Arcane Sanctum
10:29 Gryphon Aviary
10:30 Gryphon Aviary
10:59 Arcane Vault
11:03 Guard Tower
11:13 Scout Tower
11:14 Scout Tower
11:14 Scout Tower
11:15 Scout Tower
11:52 Guard Tower
12:37 Scout Tower
12:38 Scout Tower
12:39 Scout Tower
12:40 Scout Tower
12:51 Farm
12:52 Farm
12:53 Farm
13:13 Guard Tower
13:17 Scout Tower
13:18 Scout Tower
13:19 Scout Tower
13:20 Scout Tower
13:22 Scout Tower
13:41 Blacksmith
14:36 Scout Tower
14:37 Scout Tower
14:38 Scout Tower
14:39 Scout Tower
14:40 Scout Tower
14:41 Scout Tower
14:42 Scout Tower
14:42 Scout Tower
15:02 Farm
15:35 Arcane Tower
15:35 Guard Tower
15:45 Scout Tower
15:46 Scout Tower
15:47 Scout Tower
15:47 Scout Tower
15:48 Scout Tower
15:49 Scout Tower
16:21 Guard Tower
16:27 Guard Tower
16:35 Guard Tower
16:38 Arcane Tower
16:38 Guard Tower
16:42 Scout Tower
16:43 Scout Tower
16:44 Scout Tower
16:45 Scout Tower
16:51 Guard Tower
16:59 Castle
17:06 Guard Tower
17:15 Guard Tower
17:41 Guard Tower
17:43 Scout Tower
17:43 Scout Tower
17:44 Scout Tower
17:48 Scout Tower
17:49 Scout Tower
17:50 Scout Tower
17:54 Barracks
17:58 Guard Tower
18:21 Guard Tower
18:24 Guard Tower
18:25 Scout Tower
18:26 Scout Tower
18:27 Scout Tower
18:27 Scout Tower
18:35 Scout Tower
18:36 Scout Tower
18:37 Scout Tower
18:37 Scout Tower
18:39 Scout Tower
18:40 Scout Tower
18:40 Scout Tower
18:41 Scout Tower
18:42 Scout Tower
18:43 Guard Tower
18:45 Lumber Mill
19:02 Guard Tower
19:06 Scout Tower
19:07 Scout Tower
19:07 Scout Tower
19:08 Scout Tower
19:08 Scout Tower
19:10 Scout Tower
19:10 Scout Tower
19:20 Scout Tower
19:20 Scout Tower
19:21 Scout Tower
19:22 Guard Tower
19:23 Guard Tower
19:49 Arcane Tower
19:49 Guard Tower
19:50 Scout Tower
19:51 Scout Tower
19:52 Scout Tower
19:52 Scout Tower
19:56 Scout Tower
19:56 Scout Tower
19:57 Scout Tower
19:58 Scout Tower
20:01 Scout Tower
20:01 Scout Tower
20:03 Scout Tower
20:04 Scout Tower
20:06 Arcane Tower
20:07 Guard Tower
20:12 Guard Tower
20:16 Guard Tower
20:29 Guard Tower
20:39 Guard Tower
20:45 Guard Tower
20:46 Scout Tower
20:47 Scout Tower
20:48 Scout Tower
20:49 Scout Tower
20:51 Guard Tower
20:54 Scout Tower
20:55 Scout Tower
20:57 Guard Tower
21:04 Scout Tower
21:06 Scout Tower
21:06 Scout Tower
21:08 Guard Tower
21:08 Guard Tower
21:29 Guard Tower
21:34 Guard Tower
22:18 Guard Tower
22:25 Scout Tower
22:26 Scout Tower
22:46 Guard Tower
22:46 Scout Tower
22:47 Scout Tower
22:48 Scout Tower
22:48 Scout Tower
22:55 Gryphon Aviary
23:04 Farm
23:05 Farm
23:06 Farm
23:06 Farm
23:08 Farm
23:09 Farm
23:38 Guard Tower
24:09 Guard Tower
24:10 Scout Tower
24:11 Scout Tower
24:12 Scout Tower
24:12 Scout Tower
24:13 Scout Tower
24:14 Scout Tower
24:21 Arcane Vault
24:47 Farm
24:48 Farm
24:49 Farm
25:57 Scout Tower
25:58 Scout Tower
25:59 Scout Tower
26:00 Scout Tower
26:01 Scout Tower
26:02 Scout Tower
26:03 Scout Tower
26:03 Scout Tower
26:04 Scout Tower
26:05 Scout Tower
30:29 Guard Tower
30:31 Lumber Mill
31:58 Scout Tower
31:59 Scout Tower
32:00 Scout Tower
32:00 Scout Tower
32:01 Scout Tower
32:01 Scout Tower
32:02 Scout Tower
33:02 Scout Tower
33:03 Scout Tower
33:03 Scout Tower
33:03 Scout Tower
33:04 Scout Tower
33:04 Scout Tower
33:04 Scout Tower
33:04 Scout Tower
33:05 Scout Tower
33:05 Scout Tower
33:05 Scout Tower
33:06 Scout Tower
33:32 Guard Tower
33:36 Arcane Tower
33:50 Guard Tower
34:07 Guard Tower
34:07 Guard Tower
34:41 Guard Tower
34:57 Guard Tower
34:58 Scout Tower
34:58 Scout Tower
34:59 Scout Tower
34:59 Scout Tower
34:59 Scout Tower
35:02 Arcane Tower
35:03 Guard Tower
35:04 Scout Tower
35:05 Scout Tower
35:06 Scout Tower
35:06 Scout Tower
36:32 Guard Tower
37:29 Guard Tower
37:38 Guard Tower
37:38 Guard Tower
38:38 Lumber Mill
» items
                
                | Healing Salve | 1 |  | 
| Lesser Clarity Potion | 3 |  | 
| Boots of Speed | 3 |  | 
| Staff of Teleportation | 3 |  | 
| Potion of Lesser Invulnerability | 1 |  | 
| Staff of Sanctuary | 3 |  | 
| Potion of Healing | 4 |  | 
| Scroll of Town Portal | 2 |  | 
| Orb of Lightning | 2 |  | 
                22 total
  
              
               Mrgoodmanners
Mrgoodmanners (
orange | 73 APM | 3798 actions | 52:06)
              
 5 Keeper of the Grove
 5 Keeper of the Grove  2
 2 Force of Nature
 3
 3 Entangling Roots
                | Assign group hotkey | 478 |  | 
| Basic commands | 40 |  | 
| Build / train | 210 |  | 
| Enter build submenu | 60 |  | 
| Enter hero's abilities submenu | 5 |  | 
| Remove unit from queue | 20 |  | 
| Right click | 1313 |  | 
| Select / deselect | 779 |  | 
| Select group hotkey | 567 |  | 
| Use ability | 326 |  | 
                3798 total
 » units 
                » upgrades
                
                | Corrosive Breath | 1 |  | 
| Strength of the Wild | 3 |  | 
| Reinforced Hides | 2 |  | 
                6 total
 » buildings
                
                | Altar of Elders | 1 |  | 
| Moon Well | 6 |  | 
| Ancient of War | 1 |  | 
| Tree of Life | 28 |  | 
| Tree of Ages | 1 |  | 
| Tree of Eternity | 2 |  | 
| Ancient of Wind | 1 |  | 
| Chimaera Roost | 14 |  | 
| Hunter's Hall | 1 |  | 
                55 total
 » build order
                00:07 Altar of Elders
00:19 Moon Well
00:50 Ancient of War
02:21 Moon Well
03:25 Moon Well
03:47 Tree of Life
05:49 Tree of Life
06:45 Tree of Ages
07:09 Tree of Life
10:18 Moon Well
10:20 Moon Well
10:22 Moon Well
11:19 Tree of Life
11:48 Tree of Life
11:57 Tree of Life
13:10 Tree of Life
13:12 Tree of Life
13:20 Tree of Life
13:54 Tree of Life
17:27 Tree of Life
17:33 Tree of Life
17:41 Tree of Life
17:45 Tree of Eternity
18:03 Tree of Life
20:14 Tree of Life
20:31 Tree of Life
20:45 Tree of Life
23:19 Ancient of Wind
25:21 Chimaera Roost
25:25 Chimaera Roost
25:26 Chimaera Roost
25:31 Chimaera Roost
26:18 Tree of Life
26:33 Tree of Life
27:55 Tree of Life
28:09 Tree of Life
29:30 Tree of Life
30:00 Tree of Life
30:32 Tree of Life
31:04 Tree of Life
32:54 Tree of Life
35:28 Tree of Life
39:23 Tree of Life
44:00 Chimaera Roost
44:01 Chimaera Roost
44:02 Chimaera Roost
44:03 Chimaera Roost
44:15 Chimaera Roost
44:39 Hunter's Hall
45:43 Chimaera Roost
45:44 Chimaera Roost
45:45 Chimaera Roost
45:48 Chimaera Roost
45:50 Chimaera Roost
» items
                 
              
               NUTSONYOCHIN.DE
NUTSONYOCHIN.DE (
blue | 77 APM | 2779 actions | 35:59)
              
 3 Archmage
 3 Archmage  2
 2 Blizzard
 1
 1 Brilliance Aura
 3 Mountain King
 3 Mountain King  2
 2 Storm Bolt
 1
 1 Bash
 2 Paladin
 2 Paladin  1
 1 Holy Light
 1
 1 Divine Shield
                | Assign group hotkey | 15 |  | 
| Basic commands | 122 |  | 
| Build / train | 114 |  | 
| ESC pressed | 10 |  | 
| Enter build submenu | 72 |  | 
| Enter hero's abilities submenu | 8 |  | 
| Give item / drop item | 7 |  | 
| Right click | 980 |  | 
| Select / deselect | 286 |  | 
| Select group hotkey | 939 |  | 
| Use ability | 225 |  | 
                2779 total
 » units 
                
                | Peasant | 25 |  | 
| Dragonhawk Rider | 7 |  | 
| Gryphon Rider | 4 |  | 
                36 total
 » upgrades
                
                | Masonry | 3 |  | 
| Lumber Harvesting | 2 |  | 
| Magic Sentry | 1 |  | 
| Armor | 3 |  | 
| Swords | 3 |  | 
| Cloud | 1 |  | 
| Storm Hammers | 1 |  | 
| Animal War Training | 1 |  | 
| Sorceress Training | 2 |  | 
| Priest Training | 2 |  | 
| Control Magic | 1 |  | 
                20 total
 » buildings
                
                | Altar of Kings | 3 |  | 
| Lumber Mill | 1 |  | 
| Farm | 6 |  | 
| Scout Tower | 69 |  | 
| Arcane Tower | 5 |  | 
| Guard Tower | 21 |  | 
| Town Hall | 4 |  | 
| Keep | 1 |  | 
| Arcane Vault | 2 |  | 
| Arcane Sanctum | 1 |  | 
| Gryphon Aviary | 3 |  | 
| Castle | 1 |  | 
| Blacksmith | 1 |  | 
| Barracks | 1 |  | 
                119 total
 » build order
                00:13 Altar of Kings
00:19 Lumber Mill
00:27 Farm
01:04 Farm
01:14 Farm
01:17 Scout Tower
01:42 Scout Tower
01:55 Arcane Tower
02:09 Guard Tower
03:20 Town Hall
04:19 Scout Tower
04:20 Scout Tower
04:20 Scout Tower
04:26 Scout Tower
04:27 Scout Tower
05:18 Keep
05:41 Arcane Tower
05:42 Guard Tower
05:50 Scout Tower
05:51 Scout Tower
05:52 Scout Tower
05:53 Scout Tower
05:58 Scout Tower
05:59 Scout Tower
06:04 Scout Tower
06:38 Guard Tower
07:04 Town Hall
07:08 Scout Tower
07:09 Scout Tower
07:10 Scout Tower
07:11 Scout Tower
07:12 Scout Tower
07:31 Scout Tower
07:32 Scout Tower
07:34 Scout Tower
07:36 Scout Tower
07:39 Scout Tower
07:41 Guard Tower
07:44 Scout Tower
07:52 Scout Tower
07:52 Scout Tower
07:53 Scout Tower
07:55 Scout Tower
08:00 Scout Tower
08:00 Scout Tower
08:02 Scout Tower
08:04 Scout Tower
08:04 Scout Tower
08:06 Scout Tower
08:15 Arcane Tower
08:26 Arcane Vault
08:28 Guard Tower
08:35 Guard Tower
08:52 Arcane Sanctum
08:56 Guard Tower
09:30 Guard Tower
09:56 Guard Tower
09:58 Gryphon Aviary
09:59 Gryphon Aviary
10:01 Gryphon Aviary
10:04 Farm
10:05 Farm
10:09 Farm
10:31 Scout Tower
10:32 Scout Tower
10:32 Scout Tower
10:33 Scout Tower
10:34 Scout Tower
11:06 Guard Tower
11:07 Guard Tower
11:07 Guard Tower
11:10 Guard Tower
11:40 Town Hall
11:43 Scout Tower
11:43 Scout Tower
11:43 Scout Tower
11:44 Scout Tower
11:45 Scout Tower
11:46 Scout Tower
11:46 Scout Tower
11:47 Scout Tower
11:55 Castle
13:27 Guard Tower
13:48 Blacksmith
13:53 Scout Tower
13:54 Scout Tower
13:54 Scout Tower
14:00 Guard Tower
14:05 Scout Tower
14:06 Scout Tower
14:07 Scout Tower
15:14 Guard Tower
15:24 Arcane Tower
15:29 Barracks
15:31 Guard Tower
18:39 Arcane Vault
19:43 Town Hall
19:45 Scout Tower
19:45 Scout Tower
19:46 Scout Tower
19:47 Scout Tower
19:48 Scout Tower
19:49 Scout Tower
19:50 Scout Tower
19:51 Scout Tower
19:52 Scout Tower
19:53 Scout Tower
19:54 Scout Tower
19:54 Scout Tower
20:22 Guard Tower
20:49 Arcane Tower
20:51 Guard Tower
27:29 Altar of Kings
27:29 Altar of Kings
» items
                
                | Boots of Speed | 3 |  | 
| Staff of Teleportation | 3 |  | 
| Scroll of Town Portal | 5 |  | 
| Staff of Sanctuary | 4 |  | 
| Orb of Lightning | 4 |  | 
                19 total
  
              
               nutsurlechin.fr
nutsurlechin.fr (
yellow | 72 APM | 3775 actions | 52:06)
              
 5 Blademaster
 5 Blademaster  3
 3 Wind Walk
 2
 2 Critical Strike
 4 Shadow Hunter
 4 Shadow Hunter  2
 2 Hex
 2
 2 Healing Wave
 1 Archmage
 1 Archmage  1
 1 Brilliance Aura
 1 Paladin
 1 Paladin  1
 1 Holy Light
 1 Mountain King
 1 Mountain King  1
 1 Bash
                | Assign group hotkey | 75 |  | 
| Basic commands | 7 |  | 
| Build / train | 69 |  | 
| ESC pressed | 10 |  | 
| Enter build submenu | 51 |  | 
| Enter hero's abilities submenu | 12 |  | 
| Give item / drop item | 2 |  | 
| Right click | 1775 |  | 
| Select / deselect | 513 |  | 
| Select group hotkey | 1048 |  | 
| Use ability | 212 |  | 
                3775 total
 » units 
                
                | Peon | 20 |  | 
| Troll Batrider | 13 |  | 
| Dragonhawk Rider | 4 |  | 
| Gryphon Rider | 1 |  | 
                38 total
 » upgrades
                
                | Spiked Barricades | 1 |  | 
| Liquid Fire | 1 |  | 
| Ranged Weapons | 1 |  | 
| Reinforced Defenses | 1 |  | 
                4 total
 » buildings
                
                | Altar of Storms | 1 |  | 
| Orc Burrow | 4 |  | 
| War Mill | 1 |  | 
| Watch Tower | 36 |  | 
| Voodoo Lounge | 2 |  | 
| Stronghold | 1 |  | 
| Beastiary | 2 |  | 
| Great Hall | 1 |  | 
| Fortress | 2 |  | 
| Farm | 3 |  | 
| Barracks | 1 |  | 
                54 total
 » build order
                00:02 Altar of Storms
00:13 Orc Burrow
00:33 War Mill
01:33 Orc Burrow
01:49 Watch Tower
02:26 Watch Tower
02:47 Watch Tower
02:53 Watch Tower
03:03 Voodoo Lounge
03:34 Watch Tower
03:42 Watch Tower
04:10 Stronghold
04:40 Watch Tower
04:42 Watch Tower
05:09 Watch Tower
06:02 Watch Tower
06:02 Watch Tower
06:19 Watch Tower
06:19 Watch Tower
06:40 Orc Burrow
07:02 Watch Tower
07:03 Watch Tower
07:41 Beastiary
08:10 Great Hall
08:44 Beastiary
09:13 Fortress
09:13 Fortress
10:12 Watch Tower
10:12 Watch Tower
10:22 Watch Tower
10:25 Watch Tower
16:07 Watch Tower
16:08 Watch Tower
16:39 Orc Burrow
17:35 Watch Tower
17:35 Watch Tower
17:50 Voodoo Lounge
20:15 Watch Tower
20:16 Watch Tower
20:21 Watch Tower
20:21 Watch Tower
20:22 Watch Tower
20:23 Watch Tower
20:24 Watch Tower
20:25 Watch Tower
20:25 Watch Tower
20:27 Watch Tower
20:28 Watch Tower
20:29 Watch Tower
20:29 Watch Tower
44:55 Farm
44:56 Farm
44:56 Farm
47:04 Barracks
» items
                
                | Boots of Speed | 1 |  | 
| Staff of Teleportation | 1 |  | 
| Healing Salve | 2 |  | 
| Lesser Clarity Potion | 2 |  | 
| Orb of Lightning | 1 |  | 
                7 total
  team 2 (loser) 
              
              
» 
 Callof[Duty]
Callof[Duty] (
pink | 56 APM | 2903 actions | 52:03)
              
 5 Death Knight
 5 Death Knight  3
 3 Death Coil
 2
 2 Unholy Aura
 4 Lich
 4 Lich  3
 3 Frost Nova
 1
 1 Dark Ritual
 3 Crypt Lord
 3 Crypt Lord  2
 2 Impale
 1
 1 Spiked Carapace
                | Assign group hotkey | 37 |  | 
| Basic commands | 4 |  | 
| Build / train | 74 |  | 
| Enter build submenu | 18 |  | 
| Enter hero's abilities submenu | 13 |  | 
| Give item / drop item | 14 |  | 
| Remove unit from queue | 2 |  | 
| Right click | 1294 |  | 
| Select / deselect | 344 |  | 
| Select group hotkey | 951 |  | 
| Use ability | 151 |  | 
                2903 total
 » units 
                
                | Acolyte | 4 |  | 
| Ghoul | 9 |  | 
| Forest Troll Berserker | 1 |  | 
                14 total
 » buildings
                
                | Crypt | 1 |  | 
| Altar of Darkness | 2 |  | 
| Graveyard | 1 |  | 
| Ziggurat | 10 |  | 
| Tomb of Relics | 2 |  | 
| Nerubian Tower | 1 |  | 
| Spirit Tower | 4 |  | 
| Halls of the Dead | 1 |  | 
| Black Citadel | 4 |  | 
| Necropolis | 1 |  | 
                27 total
 » build order
                00:08 Crypt
00:20 Altar of Darkness
00:42 Graveyard
00:59 Ziggurat
01:33 Tomb of Relics
02:01 Nerubian Tower
02:14 Ziggurat
03:32 Spirit Tower
04:23 Halls of the Dead
04:46 Ziggurat
05:08 Ziggurat
05:51 Spirit Tower
06:17 Spirit Tower
07:21 Black Citadel
07:21 Black Citadel
07:22 Black Citadel
07:44 Ziggurat
08:32 Tomb of Relics
09:15 Spirit Tower
26:30 Ziggurat
26:32 Ziggurat
28:54 Necropolis
34:39 Altar of Darkness
34:53 Ziggurat
36:02 Ziggurat
43:36 Ziggurat
» items
                
                | Rod of Necromancy | 2 |  | 
| Dust of Appearance | 1 |  | 
| Potion of Mana | 4 |  | 
| Potion of Healing | 10 |  | 
| Orb of Corruption | 2 |  | 
| Boots of Speed | 3 |  | 
| Potion of Invisibility | 1 |  | 
| Staff of Teleportation | 2 |  | 
| Scroll of Regeneration | 3 |  | 
| Lesser Clarity Potion | 2 |  | 
| Staff of Sanctuary | 1 |  | 
| Scroll of Town Portal | 2 |  | 
                33 total
  
              
              
» 
 DHLOOKLIKENIG
DHLOOKLIKENIG (
green | 118 APM | 900 actions | 07:35)
              
 2 Archmage
 2 Archmage  1
 1 Summon Water Elemental
 1
 1 Brilliance Aura
                | Assign group hotkey | 168 |  | 
| Basic commands | 5 |  | 
| Build / train | 50 |  | 
| Enter build submenu | 31 |  | 
| Enter hero's abilities submenu | 2 |  | 
| Right click | 279 |  | 
| Select / deselect | 137 |  | 
| Select group hotkey | 173 |  | 
| Use ability | 55 |  | 
                900 total
 » units 
                
                | Peasant | 21 |  | 
| Forest Troll Shadow Priest | 1 |  | 
                22 total
 » buildings
                
                | Altar of Kings | 1 |  | 
| Lumber Mill | 2 |  | 
| Farm | 4 |  | 
| Scout Tower | 19 |  | 
| Guard Tower | 13 |  | 
| Arcane Tower | 2 |  | 
| Town Hall | 1 |  | 
| Arcane Vault | 1 |  | 
                43 total
 » build order
                00:07 Altar of Kings
00:24 Lumber Mill
00:37 Farm
01:08 Farm
01:31 Scout Tower
01:59 Scout Tower
02:03 Guard Tower
02:10 Farm
02:12 Farm
02:31 Guard Tower
03:02 Scout Tower
03:07 Scout Tower
03:09 Scout Tower
03:11 Scout Tower
03:12 Scout Tower
03:40 Arcane Tower
03:45 Arcane Tower
03:47 Guard Tower
04:21 Scout Tower
04:39 Scout Tower
04:40 Scout Tower
04:46 Town Hall
04:50 Scout Tower
04:56 Scout Tower
05:09 Guard Tower
05:10 Guard Tower
05:18 Scout Tower
05:39 Guard Tower
05:40 Scout Tower
05:43 Scout Tower
05:47 Guard Tower
05:48 Guard Tower
06:00 Guard Tower
06:08 Guard Tower
06:23 Guard Tower
06:46 Scout Tower
06:55 Lumber Mill
06:57 Guard Tower
07:16 Guard Tower
07:22 Scout Tower
07:23 Scout Tower
07:25 Scout Tower
07:29 Arcane Vault
» items
                
                | Rod of Necromancy | 1 |  | 
| Boots of Speed | 2 |  | 
                3 total
  
              
              
» 
 dhus
dhus (
red | 65 APM | 3375 actions | 52:05)
              
 4 Blademaster
 4 Blademaster  2
 2 Wind Walk
 2
 2 Critical Strike
 3 Shadow Hunter
 3 Shadow Hunter  1
 1 Hex
 2
 2 Healing Wave
 1 Archmage
 1 Archmage  1
 1 Summon Water Elemental
 5 Tauren Chieftain
 5 Tauren Chieftain  2
 2 War Stomp
 2
 2 Endurance Aura
 1
 1 Shockwave
                | Assign group hotkey | 25 |  | 
| Basic commands | 1 |  | 
| Build / train | 69 |  | 
| Enter build submenu | 44 |  | 
| Enter hero's abilities submenu | 12 |  | 
| Give item / drop item | 7 |  | 
| Right click | 1361 |  | 
| Select / deselect | 422 |  | 
| Select group hotkey | 1183 |  | 
| Use ability | 249 |  | 
                3375 total
 » units 
                » upgrades
                » buildings
                
                | Altar of Storms | 4 |  | 
| Orc Burrow | 5 |  | 
| War Mill | 1 |  | 
| Voodoo Lounge | 1 |  | 
| Watch Tower | 59 |  | 
| Stronghold | 1 |  | 
| Fortress | 1 |  | 
| Great Hall | 2 |  | 
                74 total
 » build order
                00:11 Altar of Storms
00:27 Orc Burrow
00:52 War Mill
01:17 Voodoo Lounge
02:13 Watch Tower
02:21 Watch Tower
02:43 Watch Tower
03:26 Orc Burrow
03:34 Watch Tower
04:36 Stronghold
04:49 Watch Tower
04:51 Watch Tower
05:37 Watch Tower
05:39 Watch Tower
05:40 Watch Tower
05:42 Watch Tower
06:45 Watch Tower
07:42 Watch Tower
08:26 Fortress
10:33 Watch Tower
11:51 Watch Tower
16:16 Watch Tower
16:19 Watch Tower
16:21 Watch Tower
16:23 Watch Tower
16:24 Watch Tower
16:26 Watch Tower
16:26 Watch Tower
16:27 Watch Tower
16:28 Watch Tower
16:29 Watch Tower
16:30 Watch Tower
17:37 Watch Tower
19:51 Watch Tower
20:35 Great Hall
20:48 Watch Tower
20:50 Watch Tower
20:51 Watch Tower
20:53 Watch Tower
20:55 Watch Tower
20:56 Watch Tower
20:58 Watch Tower
20:59 Watch Tower
21:00 Watch Tower
21:01 Watch Tower
21:02 Watch Tower
21:03 Watch Tower
21:05 Watch Tower
21:07 Watch Tower
21:10 Watch Tower
21:38 Watch Tower
23:20 Watch Tower
23:45 Watch Tower
23:57 Watch Tower
23:59 Watch Tower
24:35 Watch Tower
25:47 Watch Tower
27:23 Watch Tower
30:43 Great Hall
31:22 Watch Tower
31:24 Watch Tower
31:25 Watch Tower
31:26 Watch Tower
31:27 Watch Tower
31:28 Watch Tower
31:29 Watch Tower
31:31 Watch Tower
31:33 Watch Tower
42:39 Altar of Storms
42:48 Altar of Storms
42:55 Orc Burrow
43:03 Orc Burrow
51:40 Orc Burrow
52:04 Altar of Storms
» items
                
                | Healing Salve | 3 |  | 
| Lesser Clarity Potion | 6 |  | 
| Scroll of Speed | 4 |  | 
| Boots of Speed | 2 |  | 
| Staff of Teleportation | 2 |  | 
| Potion of Healing | 6 |  | 
| Orb of Lightning | 3 |  | 
| Potion of Mana | 2 |  | 
| Scroll of Town Portal | 3 |  | 
| Potion of Lesser Invulnerability | 1 |  | 
| Scroll of Regeneration | 1 |  | 
| Tome of Retraining | 1 |  | 
                34 total
  
              
              
» 
 Xx_Joey_xX
Xx_Joey_xX (
purple | 89 APM | 4630 actions | 51:58)
              
 5 Death Knight
 5 Death Knight  3
 3 Death Coil
 2
 2 Unholy Aura
 4 Lich
 4 Lich  2
 2 Frost Nova
 2
 2 Dark Ritual
 3 Mountain King
 3 Mountain King  2
 2 Storm Bolt
 1
 1 Bash
 2 Paladin
 2 Paladin  1
 1 Holy Light
 1
 1 Divine Shield
                | Assign group hotkey | 33 |  | 
| Basic commands | 19 |  | 
| Build / train | 162 |  | 
| Enter build submenu | 50 |  | 
| Enter hero's abilities submenu | 14 |  | 
| Give item / drop item | 4 |  | 
| Remove unit from queue | 5 |  | 
| Right click | 1975 |  | 
| Select / deselect | 761 |  | 
| Select group hotkey | 1103 |  | 
| Use ability | 504 |  | 
                4630 total
 » units 
                » upgrades
                » buildings
                
                | Graveyard | 1 |  | 
| Altar of Darkness | 3 |  | 
| Ziggurat | 7 |  | 
| Tomb of Relics | 1 |  | 
| Crypt | 1 |  | 
| Nerubian Tower | 5 |  | 
| Spirit Tower | 4 |  | 
| Halls of the Dead | 2 |  | 
| Guard Tower | 79 |  | 
| Scout Tower | 197 |  | 
| Keep | 1 |  | 
| Black Citadel | 1 |  | 
| Castle | 1 |  | 
| Arcane Sanctum | 1 |  | 
| Sacrificial Pit | 1 |  | 
| Town Hall | 1 |  | 
| Arcane Tower | 1 |  | 
| Arcane Vault | 1 |  | 
| Necropolis | 1 |  | 
| Blacksmith | 1 |  | 
| Workshop | 1 |  | 
                311 total
 » build order
                00:07 Graveyard
00:13 Altar of Darkness
00:26 Ziggurat
01:02 Tomb of Relics
01:22 Ziggurat
01:34 Crypt
01:52 Nerubian Tower
02:14 Spirit Tower
02:14 Spirit Tower
03:56 Halls of the Dead
04:39 Ziggurat
04:45 Ziggurat
05:42 Nerubian Tower
05:43 Spirit Tower
05:46 Ziggurat
06:56 Nerubian Tower
07:59 Guard Tower
07:59 Guard Tower
08:39 Scout Tower
08:39 Scout Tower
08:40 Scout Tower
08:40 Scout Tower
08:41 Scout Tower
08:41 Scout Tower
08:43 Scout Tower
08:43 Scout Tower
08:44 Scout Tower
08:44 Scout Tower
08:56 Keep
08:58 Scout Tower
08:59 Scout Tower
08:59 Scout Tower
09:00 Scout Tower
09:00 Scout Tower
09:01 Scout Tower
09:02 Scout Tower
09:02 Scout Tower
09:03 Scout Tower
09:03 Scout Tower
09:04 Scout Tower
09:04 Scout Tower
09:21 Guard Tower
09:25 Guard Tower
10:30 Black Citadel
10:33 Guard Tower
10:42 Scout Tower
10:42 Scout Tower
10:43 Scout Tower
10:43 Scout Tower
10:44 Scout Tower
10:44 Scout Tower
10:45 Scout Tower
10:46 Scout Tower
11:09 Guard Tower
11:28 Guard Tower
12:11 Guard Tower
12:14 Castle
12:53 Guard Tower
13:51 Guard Tower
13:57 Scout Tower
13:57 Scout Tower
13:58 Scout Tower
13:58 Scout Tower
13:59 Scout Tower
14:00 Scout Tower
14:00 Scout Tower
14:01 Scout Tower
14:02 Scout Tower
14:03 Scout Tower
14:35 Guard Tower
14:35 Guard Tower
15:01 Guard Tower
15:02 Guard Tower
15:09 Arcane Sanctum
15:42 Guard Tower
15:42 Guard Tower
16:20 Scout Tower
16:20 Scout Tower
16:21 Scout Tower
16:21 Scout Tower
16:22 Scout Tower
16:22 Scout Tower
16:23 Scout Tower
16:24 Scout Tower
16:24 Scout Tower
16:25 Scout Tower
16:26 Scout Tower
16:29 Guard Tower
17:25 Guard Tower
17:25 Guard Tower
17:29 Scout Tower
17:30 Scout Tower
17:31 Scout Tower
17:31 Scout Tower
17:32 Scout Tower
17:33 Scout Tower
17:37 Scout Tower
17:37 Scout Tower
17:38 Scout Tower
17:38 Scout Tower
17:39 Scout Tower
17:40 Scout Tower
17:40 Scout Tower
17:41 Scout Tower
17:44 Scout Tower
17:44 Scout Tower
17:45 Scout Tower
17:46 Scout Tower
17:46 Scout Tower
18:34 Guard Tower
18:41 Scout Tower
18:42 Scout Tower
18:43 Scout Tower
18:44 Scout Tower
18:45 Scout Tower
18:45 Scout Tower
18:46 Scout Tower
18:47 Scout Tower
18:48 Scout Tower
18:49 Scout Tower
18:50 Scout Tower
18:50 Scout Tower
18:51 Scout Tower
19:05 Sacrificial Pit
19:47 Guard Tower
19:56 Guard Tower
20:06 Guard Tower
20:08 Guard Tower
20:09 Guard Tower
20:11 Scout Tower
20:11 Scout Tower
20:13 Scout Tower
20:13 Scout Tower
20:25 Guard Tower
20:25 Guard Tower
20:52 Town Hall
20:54 Scout Tower
20:55 Scout Tower
20:56 Scout Tower
20:57 Scout Tower
20:57 Scout Tower
20:58 Scout Tower
20:59 Scout Tower
20:59 Scout Tower
21:00 Scout Tower
21:02 Scout Tower
21:02 Scout Tower
21:03 Scout Tower
21:04 Scout Tower
21:04 Scout Tower
21:06 Scout Tower
21:06 Scout Tower
21:08 Scout Tower
21:09 Scout Tower
21:09 Scout Tower
21:10 Scout Tower
21:15 Guard Tower
21:31 Guard Tower
22:08 Guard Tower
22:08 Guard Tower
22:37 Guard Tower
22:37 Guard Tower
22:53 Scout Tower
22:54 Scout Tower
22:54 Scout Tower
22:55 Scout Tower
22:56 Scout Tower
22:57 Scout Tower
22:58 Scout Tower
22:58 Scout Tower
23:54 Guard Tower
24:01 Guard Tower
24:01 Guard Tower
24:35 Guard Tower
24:35 Guard Tower
24:42 Scout Tower
24:43 Scout Tower
24:43 Scout Tower
24:44 Scout Tower
24:45 Scout Tower
24:45 Scout Tower
24:47 Scout Tower
24:47 Scout Tower
24:48 Scout Tower
24:48 Scout Tower
24:49 Scout Tower
25:01 Arcane Tower
25:02 Guard Tower
25:23 Guard Tower
25:23 Guard Tower
25:29 Scout Tower
25:30 Scout Tower
25:31 Scout Tower
25:32 Scout Tower
25:33 Scout Tower
25:34 Scout Tower
25:34 Scout Tower
25:35 Scout Tower
25:35 Scout Tower
25:36 Scout Tower
25:37 Scout Tower
25:37 Scout Tower
26:32 Guard Tower
27:11 Guard Tower
27:18 Guard Tower
27:19 Guard Tower
27:29 Guard Tower
29:04 Arcane Vault
29:17 Necropolis
29:21 Scout Tower
29:22 Scout Tower
29:23 Scout Tower
29:24 Scout Tower
29:25 Scout Tower
29:26 Scout Tower
29:27 Scout Tower
29:27 Scout Tower
29:28 Scout Tower
29:28 Scout Tower
29:29 Scout Tower
29:30 Scout Tower
29:35 Scout Tower
29:35 Scout Tower
29:36 Scout Tower
29:37 Scout Tower
31:31 Scout Tower
31:31 Scout Tower
31:32 Scout Tower
31:33 Scout Tower
31:33 Scout Tower
31:34 Scout Tower
31:35 Scout Tower
33:30 Guard Tower
33:49 Guard Tower
33:49 Guard Tower
33:57 Guard Tower
34:32 Guard Tower
34:32 Guard Tower
35:38 Guard Tower
35:39 Guard Tower
39:03 Altar of Darkness
39:08 Ziggurat
39:09 Ziggurat
40:35 Scout Tower
40:36 Scout Tower
40:43 Scout Tower
40:44 Scout Tower
40:44 Scout Tower
40:45 Scout Tower
40:45 Scout Tower
40:46 Scout Tower
40:47 Scout Tower
40:49 Scout Tower
40:49 Scout Tower
40:49 Scout Tower
40:51 Scout Tower
40:51 Scout Tower
40:52 Scout Tower
40:53 Scout Tower
40:53 Scout Tower
40:55 Scout Tower
40:56 Scout Tower
40:56 Scout Tower
40:57 Scout Tower
40:58 Scout Tower
40:58 Scout Tower
40:59 Scout Tower
41:00 Scout Tower
41:01 Scout Tower
41:01 Scout Tower
42:04 Guard Tower
42:04 Guard Tower
42:07 Scout Tower
42:11 Scout Tower
42:11 Scout Tower
42:12 Scout Tower
42:12 Scout Tower
42:13 Scout Tower
42:23 Guard Tower
42:23 Guard Tower
42:42 Guard Tower
43:35 Nerubian Tower
43:35 Nerubian Tower
43:39 Guard Tower
43:44 Guard Tower
43:44 Guard Tower
47:02 Blacksmith
48:14 Workshop
48:58 Scout Tower
49:01 Scout Tower
51:44 Altar of Darkness
» items
                
                | Rod of Necromancy | 3 |  | 
| Dust of Appearance | 1 |  | 
| Potion of Mana | 1 |  | 
| Staff of Sanctuary | 1 |  | 
| Potion of Healing | 1 |  | 
| Scroll of Town Portal | 8 |  | 
| Orb of Corruption | 1 |  | 
                16 total
   Chat log
          (00:35 / Allies) nutsurlechin.fr: no fuck you
(00:38 / Allies) nutsurlechin.fr: i will get rushed and have no towers
(00:42 / Allies) nutsurlechin.fr: and your base will be fine
(00:55 / Allies) nutsurlechin.fr: and then you'll say "MAYBE IF YOU BUILT SOME FUCKIN TOWERS SHITNOOB"
(00:57 / Allies) NUTSONYOCHIN.DE: DIBS
(00:58 / Allies) nutsurlechin.fr: and i don't like it when you yell at me
(01:59 / All) Xx_Joey_xX: just fuck off
(02:00 / All) Xx_Joey_xX: ok?
(02:15 / All) nutsurlechin.fr: gg gl hf eta from?
(03:00 / All) Callof[Duty]: for an acoloyte he had a good sidestep
(03:18 / Allies) nutsurlechin.fr: they also doin cowboy towers
(03:38 / All) NUTSONYOCHIN.DE: yeehaw pardner
(03:39 / All) nutsurlechin.fr: may the best cowboy win
(03:52 / All) Xx_Joey_xX: hahaha
(03:53 / All) Xx_Joey_xX: idiots
(03:54 / All) Xx_Joey_xX: hahaha
(04:52 / Allies) nutsurlechin.fr: COURSE THEY ARE
(05:01 / Allies) nutsurlechin.fr: yeeeehaw
(05:05 / All) dogsandhorse.ru: this is tower countrey  yahooooooo
(05:07 / All) dogsandhorse.ru: this is tower countrey  yahooooooo
(05:07 / All) dogsandhorse.ru: this is tower countrey  yahooooooo
(05:12 / All) NUTSONYOCHIN.DE: yeehaw yall are invited to join cowboy timg and cowboy tyler for some cowboy towers yeeehaww
(05:21 / All) dhus: rofl
(05:24 / All) nutsurlechin.fr: Can't stop here... this is tower country!!
(05:45 / Allies) nutsurlechin.fr: uncultre swinge
(05:51 / Allies) nutsurlechin.fr: never seen fear of loathing in las vegas
(07:35 / All) NUTSONYOCHIN.DE: kik rolf
(07:36 / All) nutsurlechin.fr: just say "gg" ur game is over
(07:43 / All) dogsandhorse.ru: ur game is over!@  just ask the bover
(07:50 / All) nutsurlechin.fr: just ask the bovine
(11:24 / Allies) NUTSONYOCHIN.DE: lum
(13:03 / All) Callof[Duty]: unlucky
(13:08 / All) Callof[Duty]: u desevred that kill
(13:14 / All) Callof[Duty]: with that intelligent blizz
(14:13 / Allies) nutsurlechin.fr: it's not like they've expanded
(14:15 / Allies) nutsurlechin.fr: much
(14:38 / Allies) nutsurlechin.fr: c dis
(16:16 / Allies) nutsurlechin.fr: can we get cloud
(16:50 / Allies) nutsurlechin.fr: so lets get cloud
(16:52 / Allies) nutsurlechin.fr: we have two human
(17:56 / Allies) nutsurlechin.fr: mains out
(19:37 / Allies) nutsurlechin.fr: oh fuck this game
(19:57 / Allies) nutsurlechin.fr: i kinda need to go for food
(20:43 / Allies) nutsurlechin.fr: ok brb gonna eat some dinner
(20:47 / Allies) nutsurlechin.fr: sorrey
(22:14 / All) dhus: n1
(28:51 / All) Xx_Joey_xX: :S
(28:54 / All) Xx_Joey_xX: stop cheating please
(28:58 / All) Xx_Joey_xX: your not allowed units..
(29:05 / All) NUTSONYOCHIN.DE: you got undead suck my dick
(29:19 / Allies) nutsurlechin.fr: hey sorry back
(29:22 / All) Callof[Duty]: a little rattled,
(29:46 / Allies) nutsurlechin.fr: was a delicious dinner if that's any consolation
(30:14 / Allies) nutsurlechin.fr: dk
(30:21 / Allies) nutsurlechin.fr: damn i could have hexed
(30:32 / Allies) nutsurlechin.fr: if yall had waited a bit longer yee haw
(31:24 / All) nutsurlechin.fr: how are my towers not attacking!?!?!
(31:37 / Allies) nutsurlechin.fr: brian morte up in mid
(31:45 / Allies) nutsurlechin.fr: i can finish up
(32:00 / Allies) nutsurlechin.fr: haha it'll get hit
(33:03 / Allies) nutsurlechin.fr: that tree so high u
(33:05 / All) NUTSONYOCHIN.DE: u think ur clan tower or something
(33:08 / Allies) nutsurlechin.fr: looks kind of funny
(33:38 / All) nutsurlechin.fr: who builds lots of towers in war3?.. u stuped?
(33:42 / Allies) nutsurlechin.fr: let me hex dk
(33:48 / Allies) nutsurlechin.fr: just before the ownage begins
(34:03 / Allies) nutsurlechin.fr: tp with air?
(34:09 / Allies) nutsurlechin.fr: when i hex
(34:36 / All) Mrgoodmanners: you did a very bad job of killing my expos
(34:39 / Allies) Mrgoodmanners: i have 100 000 000 gold
(34:43 / All) Mrgoodmanners: i have much gold
(34:45 / All) Callof[Duty]: err yer
(34:46 / All) dogsandhorse.ru: ))
(34:47 / All) Callof[Duty]: nice keeper
(34:57 / All) nutsurlechin.fr: i hope u mean "expo keeper" hehh .eh.e
(35:05 / All) Callof[Duty]: heh nah gravebound keeper
(35:08 / All) Xx_Joey_xX: just remember
(35:12 / All) Xx_Joey_xX: we're playing the same strat
(35:16 / All) nutsurlechin.fr: but you suck at it
(35:16 / All) dogsandhorse.ru: just rmeember
(35:18 / All) dogsandhorse.ru: we're better
(35:19 / All) Xx_Joey_xX: but you guys have the added advtange of units
(35:20 / All) dogsandhorse.ru: and we invented it
(35:23 / All) dogsandhorse.ru: http://highper.ch/    this is tower countrey  yahooooooo
(35:24 / All) dogsandhorse.ru: this is tower countrey  yahooooooo
(35:25 / All) dogsandhorse.ru: this is tower countrey  yahooooooo
(35:26 / All) dogsandhorse.ru: this is tower countrey  yahooooooo
(35:26 / All) Xx_Joey_xX: YOU HAVE UNITS !!
(35:27 / All) Xx_Joey_xX: haha
(35:28 / All) NUTSONYOCHIN.DE: yeehaw yall are invited to join cowboy timg and cowboy tyler for some cowboy towers yeeehaww
(35:28 / All) NUTSONYOCHIN.DE: yeehaw yall are invited to join cowboy timg and cowboy tyler for some cowboy towers yeeehaww
(35:29 / All) NUTSONYOCHIN.DE: yeehaw yall are invited to join cowboy timg and cowboy tyler for some cowboy towers yeeehaww
(35:29 / All) NUTSONYOCHIN.DE: yeehaw yall are invited to join cowboy timg and cowboy tyler for some cowboy towers yeeehaww
(35:30 / All) NUTSONYOCHIN.DE: V
(35:30 / All) NUTSONYOCHIN.DE: yeehaw yall are invited to join cowboy timg and cowboy tyler for some cowboy towers yeeehaww
(35:32 / All) nutsurlechin.fr: YEEEHAW
(35:40 / All) dogsandhorse.ru: this is tower countrey  yahooooooo
(35:59 / Allies) nutsurlechin.fr: comin to hex some stuff
(36:36 / Allies) nutsurlechin.fr: i guess i'll use tim's army?
(38:57 / Allies) nutsurlechin.fr: i did
(39:02 / Allies) nutsurlechin.fr: hard to use all these crazey f5 and shit
(39:20 / All) Xx_Joey_xX: come on guys
(39:24 / All) Mrgoodmanners: G_G
(39:24 / All) Xx_Joey_xX: look how long its taking you
(39:28 / All) Xx_Joey_xX: WE DON'T HAVEU NITS
(39:28 / All) dhus: nabs
(39:29 / All) dogsandhorse.ru: V_____________V
(39:32 / All) Xx_Joey_xX: just to remind you
(39:33 / All) nutsurlechin.fr: nothing we love more than long games
(39:34 / All) Xx_Joey_xX: (no units_
(39:38 / All) Xx_Joey_xX: you should be owning you
(39:41 / All) Xx_Joey_xX: who wins
(39:43 / All) Xx_Joey_xX: heros with units
(39:46 / All) Xx_Joey_xX: heros without units
(39:48 / All) dogsandhorse.ru: who wins
(39:49 / All) Xx_Joey_xX: well heros with obv 
(39:51 / All) dogsandhorse.ru: noob shits (you) or us
(39:52 / All) Xx_Joey_xX: BUT WAIT A MINUTE
(39:56 / All) Xx_Joey_xX: WHY ARNT U WINNING?
(40:03 / All) nutsurlechin.fr: hahahah
(40:05 / All) nutsurlechin.fr: you think we're not winning
(40:06 / All) nutsurlechin.fr: hahahahaha
(40:15 / All) Xx_Joey_xX: well i've been here a good half hour 
(40:24 / All) Xx_Joey_xX: and the game is still going on :S
(40:31 / All) dogsandhorse.ru: enjoy your hour+ loss
(40:34 / All) dogsandhorse.ru: this is tower countrey  yahooooooo
(40:39 / All) nutsurlechin.fr: that's because you're too bad manner to leave a game you've already lost
(40:41 / All) nutsurlechin.fr: shitnoob
(42:27 / All) dogsandhorse.ru: gg to u
(42:29 / All) dogsandhorse.ru: and gg to u
(42:32 / All) dogsandhorse.ru: mass laddering :)
(42:46 / All) dogsandhorse.ru: yesus that'a lot of exp
(42:48 / All) Callof[Duty]: avarda kedarva!
(42:51 / All) nutsurlechin.fr: hows that no unit thing working out for u
(42:54 / All) Xx_Joey_xX: imagine our superior micro with units :D
(42:57 / All) Callof[Duty]: jst the thrill man
(42:59 / All) nutsurlechin.fr: superior hahaha
(43:01 / All) Xx_Joey_xX: we'd have >> you already thanks
(43:02 / All) dogsandhorse.ru: nah you got the micro for .....3 units
(43:07 / All) dogsandhorse.ru: what you have?   29 apm?
(43:08 / All) nutsurlechin.fr: ..5.05
(43:09 / All) nutsurlechin.fr: units
(43:11 / All) nutsurlechin.fr: microunits
(43:25 / Allies) nutsurlechin.fr: wait i have like no clouders left
(43:47 / Allies) nutsurlechin.fr: let's just chillax it's not like they're a threat
(43:50 / Allies) nutsurlechin.fr: immediate or otherwise
(44:37 / Allies) nutsurlechin.fr: just go 100 food, faerie dragons very rude
(44:42 / Allies) nutsurlechin.fr: except actually just go 100 food chim 
(44:52 / Allies) nutsurlechin.fr: gonna pump tim to 100
(44:59 / All) Callof[Duty]: cya later burver
(45:00 / All) Callof[Duty]: bruver
(45:02 / All) dogsandhorse.ru: bye leave
(45:04 / All) nutsurlechin.fr: "burver"
(45:05 / All) Callof[Duty]: ur heal is err slow
(45:14 / All) Xx_Joey_xX: rofl you lost a hero in that situation
(45:18 / All) nutsurlechin.fr: you from manchester?
(45:21 / All) Xx_Joey_xX: its funny how bad you are 
(45:22 / All) dogsandhorse.ru: aheh
(45:22 / All) Xx_Joey_xX: :D
(45:25 / All) dogsandhorse.ru: ty for free win
(45:27 / All) Xx_Joey_xX: awful hero control
(45:29 / All) dhus: u are actually really bad
(45:31 / All) Xx_Joey_xX: lol well thats ok 
(45:34 / All) dogsandhorse.ru: i think i get my icon from this lmfao
(45:34 / All) Xx_Joey_xX: we play for fun not wins
(45:36 / All) Xx_Joey_xX: anytime
(45:36 / All) Callof[Duty]: dont bother making ur AM back
(45:38 / All) nutsurlechin.fr: *loses a game*
(45:41 / All) nutsurlechin.fr: *calls other team bad*
(45:45 / All) Callof[Duty]: its embarassing killing him
(45:46 / All) nutsurlechin.fr: *laughs about it over a cognac*
(45:46 / All) dogsandhorse.ru: http://highper.ch/   we play for making sweet replays of shitbird bitnoobs like you
(45:48 / All) dogsandhorse.ru: losing to towers
(45:50 / All) dogsandhorse.ru: :D
(45:55 / All) Xx_Joey_xX: LOL
(45:57 / All) Xx_Joey_xX: except
(46:00 / All) Xx_Joey_xX: we do beat people 
(46:03 / All) Xx_Joey_xX: without units
(46:03 / All) nutsurlechin.fr: feel free to check our website for more replays of you losing
(46:06 / All) dogsandhorse.ru: hmm mreally?  upload some replays
(46:07 / All) Xx_Joey_xX: its nothing special making mass air 
(46:09 / All) dogsandhorse.ru: to http://highper.ch
(46:10 / All) Xx_Joey_xX: ok sure
(46:11 / All) nutsurlechin.fr: prove it thank yuo . . 
(46:16 / All) nutsurlechin.fr: because based on your gameplay in this game
(46:16 / All) Xx_Joey_xX: link me that site after game
(46:18 / All) nutsurlechin.fr: you couldn't beat a paper bag...
(46:22 / All) Xx_Joey_xX: LOL
(46:24 / All) Xx_Joey_xX: good one !
(46:26 / All) Xx_Joey_xX: HIGH 5!
(46:26 / All) dogsandhorse.ru: http://highper.ch/ write it on you hand-child
(46:33 / All) Xx_Joey_xX: no
(46:36 / All) Xx_Joey_xX: link me after game thanks
(46:39 / All) dhus: lets have a hero math in the middle of the map?
(46:39 / All) nutsurlechin.fr: write it on your head-child
(46:40 / All) dogsandhorse.ru: nah filth trash
(46:43 / All) dhus: match
(46:46 / All) nutsurlechin.fr: ok let's have a hero math
(47:31 / Allies) nutsurlechin.fr: oh those are mine
(47:50 / Allies) nutsurlechin.fr: i would get tauren and casters but
(47:51 / Allies) nutsurlechin.fr: effort
(47:52 / All) Callof[Duty]: run teal?
(47:55 / All) Callof[Duty]: run teal run
(48:41 / All) nutsurlechin.fr: grats
(48:41 / All) nutsurlechin.fr: gj
(48:48 / All) Xx_Joey_xX: THANKS!
(48:50 / All) Xx_Joey_xX: HIGH 5?
(48:57 / All) nutsurlechin.fr: nope i only high 5 people i respect
(49:11 / Allies) nutsurlechin.fr: mata loses everychim
(49:13 / All) dhus: nice chims
(49:25 / All) dhus: u were actually trying really hard removing the injured ones
(49:27 / All) nutsurlechin.fr: if he only we didn't have 70k gold
(49:29 / All) dhus: then it went wrong
(49:45 / Allies) nutsurlechin.fr: ready to go?
(51:34 / Allies) nutsurlechin.fr: out of cl oud
(51:43 / Allies) nutsurlechin.fr: not really
(52:03 / All) Callof[Duty]: brilliant :)